Map: Lost and Found LE

Players

Buster

  • Race: Terran Terran
  • Spawn Location: 1:00

Nice - Winner!

  • Race: Protoss Protoss
  • Spawn Location: 7:00

Event: WCS Montreal 2018

VOD

Have the link to the VOD?

Description

Time

  • Played on: Sept. 7, 2018, 1:33 p.m.
  • Length: 6:19

All games in this series

Show
View Real Time Build Order
Export as new Build Order

Buster Terran 

Build Orders: Banshee Rush 

Get SALT Encoding   

  12  0:00  SCV  
  13  0:14  Supply Depot  
  13  0:18  SCV  
  14  0:30  SCV  
  15  0:36  Barracks  
  15  0:44  Refinery  
  15  0:47  SCV  
  16  0:54  Refinery  
  16  0:59  SCV  
  17  1:11  SCV  
  18  1:24  Reaper  
  18  1:25  Orbital Command  
  19  1:33  Supply Depot  
  19  1:45  Factory  
  19  1:50  SCV  
  20  1:56  Reaper  
  21  2:02  SCV  
  22  2:15  SCV  
  22  2:27  SCV  
  22  2:29  Hellion, Reaper  
  26  2:31  Starport  
  26  2:35  Supply Depot  
  26  2:39  SCV  
  27  2:50  Hellion  
  27  2:51  SCV  
  29  3:09  Starport Tech Lab  
  29  3:11  Command Center  
  29  3:14  Hellion  
  29  3:16  SCV  
  32  3:29  Banshee  
  32  3:31  Cloaking Field  
  32  3:33  SCV  
  35  3:51  Supply Depot  
  35  3:55  Cyclone  
  38  3:57  SCV  
  38  4:10  SCV  
  38  4:13  Banshee  
  36  4:28  SCV  
  37  4:38  Cyclone  
  37  4:40  SCV  
  37  4:42  Marine  
  39  4:52  SCV  
  40  4:59  Barracks  
  40  5:04  SCV  
  41  5:10  Cyclone  
  42  5:24  Marine  
  40  5:28  Orbital Command  
  40  5:33  SCV  
  34  5:42  Cyclone  
  37  5:46  Barracks Reactor  
  37  5:48  SCV  
  38  5:58  SCV  
Show
View Real Time Build Order
Export as new Build Order

Nice Protoss - Winner!

Build Orders: Oracle Opening 

Get SALT Encoding   

  12  0:00  Probe  
  13  0:12  Probe  
  14  0:18  Pylon  
  14  0:24  Probe  
  15  0:32  Probe  
  15  0:37  Gateway  
  15  0:40  Probe  
  16  0:48  Assimilator  
  17  0:51  Probe  
  18  1:03  Probe  
  19  1:15  Probe  
  20  1:24  Pylon, Zealot  
  22  1:26  Assimilator, Cybernetics Core  
  22  1:27  Probe  
  23  1:38  Probe  
  23  1:40  Pylon  
  23  1:46  Probe  
  24  1:54  Adept  
  25  1:56  Probe  
  28  2:08  Gateway, Probe  
  29  2:25  Adept  
  29  2:26  Warp Gate  
  31  2:31  Stargate  
  31  2:34  Pylon  
  31  2:52  Adept  
  33  3:05  Oracle  
  33  3:08  Nexus  
  36  3:20  Pylon  
  36  3:26  Probe  
  37  3:40  Sentry, Probe  
  38  3:41  Oracle  
  41  3:52  Probe  
  41  3:55  Gateway  
  42  4:02  Gateway  
  42  4:11  Phoenix  
  42  4:17  Probe  
  45  4:27  Oracle  
  45  4:29  Probe  
  46  4:34  Probe  
  50  4:41  Probe, Zealot  
  53  4:46  Probe  
  52  4:53  Probe  
  52  4:58  Probe  
  54  5:02  Shield Battery  
  54  5:05  Probe  
  55  5:10  Probe  
  54  5:17  Probe  
  54  5:19  Stalker, Oracle  
  51  5:22  Probe  
  50  5:29  Probe  
  50  5:34  Probe  
  55  5:37  Adept  
  55  5:42  Probe  
  58  5:43  Adept  
  58  5:48  Probe  
  61  5:54  Probe  
  62  6:00  Probe  
  66  6:09  Adept x2  
Tags
 
Add a new tag
Caveats
  • Supply blocks, unpowered buildings, or Contaminate may cause inaccurate times.
  • Supply counts are checked every 10 seconds.